 Dungeon Crawl Stone Soup version 0.30-a0-956-gcec3b41aec (webtiles) character file.

Game seed: 14786674535061681884

243 DeathPants the Trooper (level 5, -7/48 HPs)
             Began as a Minotaur Monk on Mar 29, 2023.
             Was an Initiate of Gozag.
             Mangled by an orc
             ... wielding a +0 short sword of electrocution
              (9 damage)
             ... on level 3 of the Dungeon.
             The game lasted 00:07:51 (2265 turns).

DeathPants the Trooper (Minotaur Monk)              Turns: 2265, Time: 00:07:51

Health: -7/48      AC:  3    Str: 15    XL:     5   Next: 82%
Magic:  4/4        EV: 13    Int:  7    God:    Gozag
Gold:   219        SH:  0    Dex: 15    Spells: 4/4 levels left

rFire   . . .      SeeInvis .    g - +0 dagger
rCold   . . .      Faith    .    (no shield)
rNeg    + . .      Spirit   .    r - +0 leather armour
rPois   .          Reflect  .    (helmet restricted)
rElec   .          Rampage  .    (no cloak)
rCorr   .                        (no gloves)
Will    .....                    (no boots)
Stlth   ++                       p - amulet of regeneration
HPRegen 1.08/turn                m - ring of positive energy
MPRegen 0.09/turn                (no ring)

@: gold aura
A: horns 2, retaliatory headbutt
a: Renounce Religion, Potion Petition, Call Merchant, Bribe Branch


You were on level 3 of the Dungeon.
You worshipped Gozag.
Gozag was aware of your devotion.
You visited 1 branch of the dungeon, and saw 4 of its levels.

You collected 219 gold pieces.

Inventory:

Hand Weapons
 a - a +0 short sword
 g - a +0 dagger (weapon)
Missiles
 j - 2 javelins (quivered)
Armour
 r - a +0 leather armour (worn)
Jewellery
 m - a ring of positive energy (left hand)
 p - an amulet of regeneration (around neck)
Scrolls
 b - a scroll of amnesia {unknown}
 d - a scroll of blinking {unknown}
 e - 3 scrolls of identify {unknown}
 i - a scroll of enchant armour {unknown}
 l - a scroll of magic mapping {unknown}
 n - a scroll of fog {unknown}
 o - a scroll of teleportation {unknown}
 q - a scroll of poison {unknown}
 s - a scroll of fear {unknown}
Potions
 f - a potion of brilliance {unknown}
 h - a potion of haste {unknown}
 k - a potion of flight {unknown}


   Skills:
 + Level 5.0 Fighting
 + Level 4.6 Short Blades
 + Level 4.5 Dodging
 + Level 3.1 Stealth


You had 4 spell levels left.
You didn't know any spells.
Your spell library was empty.

Dungeon Overview and Level Annotations

Branches:
Dungeon (4/15)
 Temple: D:4-7

Altars:
Gozag
Wu Jian

Annotations:
D:4 Blork the orc


Innate Abilities, Weirdness & Mutations

You have a pair of horns on your head.
You reflexively headbutt those who attack you in melee.


Message History

* * * LOW HITPOINT WARNING * * *
The orc barely misses you.
You miss something. Your headbutt misses something.
You hear some strange, mumbled words.
Something tries to affect you, but you resist.
The orc misses you.
You bump into the rock wall.
The orc barely misses you.
You hear some strange, mumbled words.
A magic dart appears from out of thin air!
The magic dart hits you.
* * * LOW HITPOINT WARNING * * *
You're too confused to move!
The orc closely misses you.
You hear some strange, mumbled words.
Something tries to affect you, but you resist.
You closely miss the orc. Your headbutt misses the orc.
The orc hits you but does no damage. Something hits you.
You bump into the rock wall.
The orc closely misses you. Something hits you but does no damage.
You miss something. You headbutt something.
Reactivating autopickup.
You feel a bit more experienced.
You feel less invigorated.
You feel less confused.
Your Fighting skill increases to level 5!
Things that are here:
7 gold pieces; a +0 dagger; a +0 robe You closely miss the orc.
You headbutt the orc.
The orc is moderately wounded.
The orc closely misses you.
The orc hits you with a +0 short sword of electrocution.
You are electrocuted!
* * * LOW HITPOINT WARNING * * *
You hit the orc but do no damage.
The orc is moderately wounded.
The orc hits you with a +0 mace.
* * * LOW HITPOINT WARNING * * *
The orc hits you with a +0 short sword of electrocution.
* * * LOW HITPOINT WARNING * * *
You are electrocuted!
You die...
Your body crumbles into a pile of gold.

###### #.......+..##...
#....# #..8P...##.##...
#....# #..........##...
#....###....8...####.w.
#...ooĆ·wo(#####...w..o.
####$###..# ####...##
#$#<#..# ##.....#
#o#o#..# ###...#..#
#wo@#..####....##..#
#####..#.....#.##..#
#########....>..........
#......##.##...#.#.#..##
#...........##.#.#.#....
#.........#.##.#.#.#.###
#####.....#.##.#.#.#.#
#..............#.#
#....#8..8#....#.#


You could see a worm and 3 orcs.

Vanquished Creatures
  An ogre (D:4)
  An orc wizard (D:3)
  5 adders
  4 worms
  A dart slug (D:2)
  2 orcs (D:3)
  5 ball pythons
  5 endoplasms
  2 giant cockroaches
  8 goblins
  A hobgoblin (D:1)
  12 jackals
  8 quokkas
  3 bats
  5 frilled lizards
  3 kobolds
  6 rats
72 creatures vanquished.

Vanquished Creatures (others)
  A withered plant (D:3)
1 creature vanquished.

Grand Total: 73 creatures vanquished

Notes
Turn   | Place    | Note
-------+----------+-------------------------------------------
     0 | D:1      | DeathPants the Minotaur Monk began the quest for the Orb.
     0 | D:1      | Reached XP level 1. HP: 19/19 MP: 0/0
   139 | D:1      | Reached XP level 2. HP: 23/27 MP: 1/1
   548 | D:1      | Reached skill level 4 in Fighting
   663 | D:1      | Found a faded altar of an unknown god.
   852 | D:1      | Reached XP level 3. HP: 32/33 MP: 2/2
  1354 | D:2      | Reached XP level 4. HP: 35/40 MP: 3/3
  1946 | D:4      | Noticed an ogre
  1950 | D:4      | Killed an ogre
  1951 | D:4      | Reached XP level 5. HP: 47/47 MP: 4/4
  1953 | D:4      | Noticed Blork the orc
  1994 | D:3      | Found an ornate altar of the Wu Jian Council.
  1994 | D:3      | Found an opulent altar of Gozag.
  2067 | D:3      | Became a worshipper of Gozag Ym Sagoz the Greedy
  2263 | D:3      | Reached skill level 5 in Fighting
  2265 | D:3      | HP: 2/48 [orc/+0 short sword of electrocution (3)]
  2265 | D:3      | Mangled by an orc

Illustrated notes

Levels and vault maps discovered:
D:1:      eino_arrival_cavern_a, layout_basic,
          dreamdust_ecumenical_altar_sealed_demon
D:2:      layout_rooms, nicolae_wormholes
D:3:      layout_basic, jmf_multi_god_temple, serial_undead, serial_undead_b,
          serial_undead_a, serial_undead_c, serial_undead_e, minmay_circle_x
D:4:      layout_basic, nicolae_dithmenos_shadow_blocks,
          minmay_temple_entry_wispy, portal_sewer_entry_f, serial_shops,
          kennysheep_mini_moat, uniq_blork_the_orc

Skill      XL: |  1  2  3  4  5 |
---------------+----------------+-----
Stealth        | 2 3 |  3.1
Fighting       | 4 5 |  5.0
Short Blades   | 4 |  4.6
Dodging        | 4 |  4.5

Action                     |  1- 3 |  4- 6 || total
---------------------------+-------+-------++-------
  Melee: Short sword       |    13 |       ||    13
         Headbutt          |    14 |    29 ||    43
         Dagger            |    88 |   136 ||   224
         Punch             |       |     2 ||     2
  Throw: Javelin           |       |     4 ||     4
    Use: Potion            |       |     1 ||     1
   Stab: Sleeping          |     5 |     1 ||     6
         Distracted        |       |     1 ||     1
 Armour: Robe              |    14 |     6 ||    20
         Leather armour    |       |    17 ||    17
  Dodge: Dodged            |    66 |    85 ||   151

Table legend: (Time is in decaauts)
 A = Elapsed time spent in this place.
 B = Non-inter-level travel time spent in this place.
 C = Inter-level travel time spent in this place.
 D = Time resting spent in this place.
 E = Time spent auto-exploring this place.
 F = Levels seen in this place.
 G = Mean time per level.
                   A        B        C        D        E       F      G
               +--------+--------+--------+--------+--------+-----+--------+
         Total |   2226 |   2217 |      9 |    268 |   1138 |   4 |  556.5 |
       Dungeon |   2226 |   2217 |      9 |    268 |   1138 |   4 |  556.5 |
               +--------+--------+--------+--------+--------+-----+--------+

Top non-repeatable levels by time:
     D:1: 1292 daAuts
     D:2: 551 daAuts
     D:3: 357 daAuts
     D:4: 25 daAuts
